 Dungeon Crawl Stone Soup version 0.25-a0-766-g0ecfff5982 (webtiles) character file.

Game seed: 12894354349293292595, levelgen mode: deterministic

120 Error4North the Chopper (level 5, 0/46 HPs)
             Began as a Hill Orc Fighter on Apr 13, 2020.
             Killed from afar by Natasha (6 damage)
             ... with a magic dart
             ... on level 3 of the Dungeon.
             The game lasted 00:04:09 (1239 turns).

Error4North the Chopper (Hill Orc Fighter)          Turns: 1239, Time: 00:04:09

Health: 0/46       AC:  8    Str: 20    XL:     5   Next: 4%
Magic:  5/5        EV:  7    Int:  8    God:
Gold:   146        SH:  9    Dex: 10    Spells: 4/4 levels left

rFire    . . .     SeeInvis .   a - +0 war axe
rCold    . . .     Gourm    .   c - +0 kite shield
rNeg     . . .     Faith    .   b - +0 scale mail
rPois    .         Spirit   .   (no helmet)
rElec    .         Reflect  .   (no cloak)
rCorr    .         Harm     .   m - +0 pair of gloves
MR       .....                  (no boots)
Stlth    ..........             (no amulet)
HPRegen  0.15/turn              (no ring)
MPRegen  0.09/turn              (no ring)

@: slowed, very slow
A: no striking features
a: no special abilities


You were on level 3 of the Dungeon.
You were very hungry.

You visited 1 branch of the dungeon, and saw 3 of its levels.

You collected 146 gold pieces.

Inventory:

Hand Weapons
 a - a +0 war axe (weapon)
Armour
 b - a +0 scale mail (worn)
 c - a +0 kite shield (worn)
 m - a +0 pair of gloves (worn)
Scrolls
 d - 3 scrolls of identify {unknown}
 e - a scroll of remove curse {unknown}
 h - 2 scrolls of teleportation {unknown}
 k - 2 scrolls of magic mapping {unknown}
 l - a scroll of random uselessness {unknown}
 o - a scroll of enchant armour {unknown}
Potions
 g - 2 potions of brilliance {unknown}
 i - a potion of lignification {unknown}
 j - a potion of curing
 n - a potion of flight {unknown}
 p - a potion of might
 q - a potion of haste {unknown}
Comestibles
 f - 6 rations


   Skills:
 + Level 4.1 Fighting
 * Level 4.6 Axes
 * Level 4.2 Armour
 + Level 0.1 Dodging
 * Level 4.1 Shields


You had 4 spell levels left.
You didn't know any spells.
Your spell library was empty.

Dungeon Overview and Level Annotations

Branches:
Dungeon (3/15)

Altars:

Annotations:
D:3 Natasha


Message History

You closely miss Natasha. You block Natasha's attack.
Natasha stares at you and mumbles some strange words.
The magic dart hits you.
* * * LOW HITPOINT WARNING * * *
Your scale mail prevents you from hitting Natasha.
Natasha claws you.
* * * LOW HITPOINT WARNING * * *
The crimson imp hits you.
* * * LOW HITPOINT WARNING * * *
Natasha claws you but does no damage.
Your shield and scale mail prevent you from hitting Natasha.
Your shield and scale mail prevent you from hitting the crimson imp.
The crimson imp hits you.
* * * LOW HITPOINT WARNING * * *
Natasha casts a spell.
The crimson imp hits you.
* * * LOW HITPOINT WARNING * * *
Natasha casts a spell at you. The magic dart hits you.
You die...

..# .. ?. #. #. #.## #5h#
#... ..# .... #@# ... #.#
.[. #5## ..##.##.. #..#
#....##.## ##.#
#..#.#...♣ #.# #.#.#...♣
#.# ##.......♣.♣
#.######### #.<......♣.♣
#..##.....#
#..#.#...♣.♣..##.#......#


You could see Natasha, a crimson imp and a shadow imp.

Vanquished Creatures
  A phantom (D:2)
  An ooze (D:2)
  A worm (D:2)
  9 goblins
  7 hobgoblins
  A quokka (D:2)
  3 bats
  2 frilled lizards (D:1)
  3 kobolds
  2 rats
30 creatures vanquished.

Notes
Turn   | Place    | Note
-------+----------+-------------------------------------------
     0 | D:1      | Error4North the Hill Orc Fighter began the quest for the
                  | Orb.
     0 | D:1      | Reached XP level 1. HP: 19/19 MP: 1/1
    43 | D:1      | Reached XP level 2. HP: 22/27 MP: 2/2
   571 | D:2      | Noticed a phantom
   597 | D:2      | Reached XP level 3. HP: 31/33 MP: 3/3
   609 | D:2      | Killed a phantom
   609 | D:2      | Reached XP level 4. HP: 29/40 MP: 4/4
   714 | D:2      | Reached XP level 5. HP: 46/46 MP: 5/5
  1220 | D:3      | Noticed Natasha
  1239 | D:3      | Killed from afar by Natasha

Levels and vault maps discovered:
D:1:      minmay_arrival_five_plusses, layout_rooms
D:2:      layout_loops_ring, first_ration, serial_glass, glass_columns_b,
          glass_columns_c
D:3:      layout_rooms, serial_forest, infiniplex_forest_end_2,
          infiniplex_forest_side_room, infiniplex_forest_clump_medium,
          infiniplex_forest_clump_diagonal, infiniplex_forest_straight_2,
          infiniplex_forest_lined_room_3, infiniplex_forest_straight_3,
          infiniplex_forest_clump_medium, corner_web_ring, patterned_corridor,
          uniq_natasha

Skill      XL: |  1  2  3 |
---------------+----------+-----
Axes           | 3 4 |  4.6
Fighting       | 4 |  4.1
Armour         | 4 |  4.2
Shields        | 4 |  4.1
Dodging        | |  0.1

Action                   |  1- 3 |  4- 6 || total
-------------------------+-------+-------++-------
Melee: War axe           |    52 |    28 ||    80
  Use: Potion            |     1 |       ||     1
Armor: Scale mail        |    24 |    11 ||    35
Dodge: Dodged            |    23 |     7 ||    30
Block: Kite shield       |    21 |    11 ||    32

Table legend:
 A = Non-vault XP
 B = Vault XP
 C = Vault XP percentage of total XP
 D = Non-vault monster count
 E = Vault monster count
 F = Vault count percentage of total count
                 A         B        C        D         E       F
            +---------+---------+-------+---------+---------+-------
      Total |     172 |       0 |   0.0 |      30 |       0 |   0.0
            +---------+---------+-------+---------+---------+-------
        D:1 |      29 |       0 |   0.0 |      19 |       0 |   0.0
        D:2 |     143 |       0 |   0.0 |      11 |       0 |   0.0
            +---------+---------+-------+---------+---------+-------
